 Dungeon Crawl Stone Soup version 0.30.1-4-g462c640d31 (webtiles) character file.

Game seed: 528047451681032103

0 Zeor the Conjurer (level 1, 0/12 HPs)
             Began as a Gargoyle Reaver on Sept 7, 2023.
             Slain by a kobold
             ... wielding a +0 short sword
              (1 damage)
             ... on level 1 of the Dungeon.
             The game lasted 00:00:12 (25 turns).

Zeor the Conjurer (Gargoyle Reaver)                   Turns: 25, Time: 00:00:13

Health: 0/12       AC:  5    Str: 15    XL:     1   Next: 10%
Magic:  3/3        EV: 11    Int: 13    God:
Gold:   0          SH:  0    Dex:  8    Spells: 3/4 levels left

rFire   . . .        a - +0 mace
rCold   . . .        (no shield)
rNeg    + . .        b - +0 leather armour
rPois   ∞            (no helmet)
rElec   +            (no cloak)
rCorr   .            (no gloves)
SInv    .            (no boots)
Will    .....        (no amulet)
Stlth   +            (no ring)
HPRegen 0.22/turn    (no ring)
MPRegen 0.08/turn

%: no passive effects
@: no status effects
A: sickness immunity, AC +2, negative energy resistance 1, electricity
resistance, torment resistance 1, petrification resistance
a: no special abilities


You were on level 1 of the Dungeon.
You visited 1 branch of the dungeon, and saw 1 of its levels.

Inventory:

Hand Weapons
 a - a +0 mace (weapon)
Armour
 b - a +0 leather armour (worn)
Potions
 c - a potion of curing {unknown}


   Skills:
 + Level 2.1 Fighting
 * Level 3.0 Maces & Flails
 + Level 1.5 Dodging
 + Level 2.0 Spellcasting
 + Level 3.2 Conjurations


You had 3 spell levels left.
You knew the following spells:

 Your Spells              Type           Power      Damage    Failure   Level
a - Kiss of Death         Conj/Necr      20%        2d7       16%         1

Your spell library contained the following spells:

 Spells                   Type           Power      Damage    Failure   Level
 Momentum Strike          Conj/Tloc      10%        3d8       24%         2
 Hailstorm                Conj/Ice       5%         3d4       43%         3


Dungeon Overview and Level Annotations

Branches:
Dungeon (1/15)

Altars:


Innate Abilities, Weirdness & Mutations

You are immune to sickness and miasma.
Your stone body is resilient. (AC +2)
You are immune to poison.
You resist negative energy. (rN+)
You are resistant to electric shocks. (rElec)
You are resistant to unholy torment.
You are immune to petrification.


Message History

The kobold shouts!
The bat hits you but does no damage. x2
You barely miss the bat. The bat hits you but does no damage.
You hit the endoplasm.
The endoplasm is severely wounded.
The bat barely misses you. The bat misses you. The endoplasm hits you.
You hit the endoplasm.
The endoplasm is almost dead.
The bat hits you but does no damage. The endoplasm misses you.
An endoplasm comes into view.
You barely miss the endoplasm.
The endoplasm is almost dead.
The endoplasm quivers.
The bat barely misses you. The endoplasm freezes you.
You are frozen.
The kobold hits you with a +0 short sword.
The endoplasm freezes you.
You are frozen.
* * * LOW HITPOINT WARNING * * *
The bat hits you but does no damage. The bat attacks as you move away!
The bat barely misses you. The kobold attacks as you move away!
The kobold closely misses you. The bat closely misses you. The bat misses you.
The bat hits you but does no damage.
There is an open door here.
You are too injured to fight recklessly!
You barely miss the bat. The bat hits you but does no damage. The bat hits you.
* * * LOW HITPOINT WARNING * * *
You hit the bat.
The bat is moderately wounded.
The bat hits you but does no damage. The bat barely misses you.
You hit the bat.
You kill the bat!
You hit the kobold.
The kobold is severely wounded.
The kobold hits you with a +0 short sword.
* * * LOW HITPOINT WARNING * * *
The kobold hits you with a +0 short sword.
You die...

▒▒▒▒▒
▒▒▒▒8<8▒▒▒▒
▒▒∙∙∙∙∙∙∙∙∙▒▒
▒8[∙∙∙∙∙∙∙∙8▒
▒∙∙∙8∙∙∙8∙∙∙▒
▒8∙∙∙∙∙∙∙∙∙8▒
▒▒∙∙∙∙∙∙∙∙∙▒▒
▒∙∙∙∙∙∙∙∙∙▒ ∙
▒▒▒▒▒9▒▒▒▒▒
∙∙∙ ▒K▒▒
▒∙J∙∙
▒JJ▒▒∙∙∙∙▒
▒▒∙∙∙∙∙∙∙▒
▒∙∙∙∙▒▒▒▒▒
▒∙▒▒▒▒ ∙∙∙
∙▒▒▒ ∙∙


You could see 2 endoplasms and a kobold.

Vanquished Creatures
  A bat (D:1)
1 creature vanquished.

Notes
Turn   | Place    | Note
-------+----------+-------------------------------------------
     0 | D:1      | Zeor the Gargoyle Reaver began the quest for the Orb.
     0 | D:1      | Reached XP level 1. HP: 12/12 MP: 3/3
    25 | D:1      | Slain by a kobold

Illustrated notes

Levels and vault maps discovered:
D:1:      mrwooster_arrival_statue_3, layout_rooms, serial_shops, shop

Action                     || total
---------------------------++-------
  Melee: Mace              ||     8
 Armour: Leather armour    ||     8
  Dodge: Dodged            ||     9
